 Seeded DCSS version 0.27.1-2-g3b301248ec (webtiles) character file.

Game seed: 14551798346683263451 (custom seed)

17 babuloseo the Skirmisher (level 2, 0/24 HPs)
             Began as a Human Fighter on Oct 1, 2021.
             Succumbed to an adder's poison
             ... on level 2 of the Dungeon.
             The game lasted 00:00:24 (758 turns).

babuloseo the Skirmisher (Human Fighter)             Turns: 758, Time: 00:00:25

Health: 0/24       AC:  6    Str: 16    XL:     2   Next: 80%
Magic:  2/2        EV:  6    Int:  8    God:
Gold:   23         SH:  8    Dex: 12    Spells: 1/1 levels left

rFire    . . .     SeeInvis .   a - +0 trident
rCold    . . .     Faith    .   c - +0 kite shield
rNeg     . . .     Spirit   .   b - +0 scale mail
rPois    .         Reflect  .   (no helmet)
rElec    .         Harm     .   (no cloak)
rCorr    .         Rampage  .   (no gloves)
Will     .....                  (no boots)
Stlth    ..........             (no amulet)
HPRegen  0.08/turn              (no ring)
MPRegen  0.08/turn              (no ring)

@: lethally poisoned (0 -> -6)
A: no striking features
a: no special abilities


You were on level 2 of the Dungeon.
You visited 1 branch of the dungeon, and saw 2 of its levels.

You collected 23 gold pieces.

Inventory:

Hand Weapons
 a - a +0 trident (weapon)
Armour
 b - a +0 scale mail (worn)
 c - a +0 kite shield (worn)
Scrolls
 e - a scroll of magic mapping {unknown}
Potions
 d - a potion of might
 f - a potion of ambrosia {unknown}


   Skills:
 + Level 3.2 Fighting
 * Level 2.4 Polearms
 + Level 3.1 Armour
 + Level 3.1 Shields


You had one spell level left.
You didn't know any spells.
Your spell library was empty.

Dungeon Overview and Level Annotations

Branches:
Dungeon (2/15)

Altars:
Qazlal


Message History

There is a stone staircase leading down here.
You climb downwards.
The adder hisses angrily.
Found a stormy altar of Qazlal.
There is a stone staircase leading up here.
There are monsters nearby!
You reach to attack!
You miss the adder. You closely miss the adder. The bat hits you.
You block the adder's attack. The adder bites you.
You are poisoned.
The adder poisons you! The bat hits you but does no damage.
You miss the adder.
You feel very sick. The bat hits you but does no damage. The adder bites you.
The bat hits you but does no damage. The adder bites you but does no damage.
You completely miss the adder.
You feel sick. You block the bat's attack.
The adder bites you but does no damage. The bat hits you but does no damage.
The adder barely misses you.
You miss the adder.
You feel sick. The bat barely misses you.
The adder bites you but does no damage. The adder closely misses you.
You barely miss the adder.
You feel sick. The bat hits you but does no damage. x2
The adder barely misses you. The adder bites you but does no damage.
You hit the adder.
The adder is lightly wounded.
You feel sick.
You are no longer poisoned.
The bat hits you but does no damage. The adder bites you.
You are poisoned.
The adder poisons you! The adder bites you.
* * * LOW HITPOINT WARNING * * *
You are more poisoned.
The adder poisons you!
You hit the adder.
The adder is lightly wounded.
* * * LOW HITPOINT WARNING * * *
You feel very sick. The bat barely misses you.
The adder bites you but does no damage.
You miss the adder.
The adder is lightly wounded.
You die...

#######
#.....####
##........#
##..._.....#
.......b...#
#........#
#...@S..#
#.......#
#.#.#.### #
.. .# ### ##


You could see an adder and a bat.

Vanquished Creatures
  A dart slug (D:1)
  A bat (D:1)
  2 endoplasms (D:1)
  A giant cockroach (D:1)
  2 goblins (D:1)
  2 hobgoblins (D:1)
  2 kobolds (D:1)
  2 frilled lizards (D:1)
13 creatures vanquished.

Notes
Turn   | Place    | Note
-------+----------+-------------------------------------------
     0 | D:1      | babuloseo the Human Fighter began the quest for the Orb.
     0 | D:1      | Reached XP level 1. HP: 18/18 MP: 1/1
    99 | D:1      | Reached XP level 2. HP: 8/24 MP: 2/2
   749 | D:2      | Found a stormy altar of Qazlal.
   758 | D:2      | Succumbed to an adder's poison

Illustrated notes

Levels and vault maps discovered:
D:1:      lemuel_arrival_river_bridge, layout_rooms
D:2:      layout_loops_cross, basic_altar, serial_shops, shop,
          minmay_goblin_kobold_house, uniq_crazy_yiuf_cottage, uniq_robin

Action                   || total
-------------------------++-------
Melee: Trident           ||    53
Armor: Scale mail        ||    30
Dodge: Dodged            ||    16
Block: Kite shield       ||    25
